 Dungeon Crawl Stone Soup version 0.30.1-4-g462c640d31 (webtiles) character file.

Game seed: 14587594954548928902

261 Zeor the Conjurer (level 5, -1/21 HPs)
             Began as a Felid Conjurer on Aug 11, 2023.
             Slain by a gnoll
             ... wielding a +0 spear
             ... led by a gnoll bouda
              (4 damage)
             ... on level 4 of the Dungeon.
             The game lasted 00:10:43 (3643 turns).

Zeor the Conjurer (Felid Conjurer)                  Turns: 3643, Time: 00:10:44

Health: -1/21      AC:  1    Str:  3    XL:     5   Next: 96%
Magic:  10/12      EV: 22    Int: 22    God:
Gold:   154        SH:  0    Dex: 14    Spells: 6/12 levels left
                                        Lives:  0   Deaths: 1

rFire   . . .        (weapon unavailable)
rCold   . . .        (shield unavailable)
rNeg    . . .        (body armour unavailable)
rPois   .            (helmet unavailable)
rElec   .            (cloak unavailable)
rCorr   .            (gloves unavailable)
SInv    +            (boots unavailable)
Will    .....        (no amulet)
Stlth   +++          g - +5 ring of evasion
HPRegen 0.23/turn    (no ring)
MPRegen 0.13/turn

%: no passive effects
@: on berserk cooldown, slowed, slow
A: very small, claws 1, fangs 3, see invisible, speed 1, shaggy fur 1, stealthy
paws, no weapons or thrown items, no armour, multi-lived
a: no special abilities


You were on level 4 of the Dungeon.
You visited 1 branch of the dungeon, and saw 4 of its levels.

You collected 154 gold pieces.

Inventory:

Jewellery
 f - a ring of ice
 g - a +5 ring of evasion (left paw)
Wands
 e - a wand of polymorph (2)
Scrolls
 k - 3 scrolls of teleportation
 l - a scroll of identify
Potions
 a - a potion of magic
 b - a potion of flight
 c - a potion of lignification {unknown}
 d - 5 potions of curing
 i - a potion of ambrosia {unknown}
 j - 2 potions of heal wounds {unknown}


   Skills:
 + Level 0.2 Fighting
 + Level 3.2 Dodging
 + Level 4.0 Stealth
 + Level 0.2 Unarmed Combat
 * Level 4.4 Spellcasting
 + Level 5.0 Conjurations


You had 6 spell levels left.
You knew the following spells:

 Your Spells              Type           Power      Damage    Failure   Level
a - Magic Dart            Conj           100%       1d8       1%          1
b - Searing Ray           Conj           54%        2d6       1%          2
c - Dazzling Flash        Conj/Hex       30%        N/A       12%         3

Your spell library contained the following spells:

 Spells                   Type           Power      Damage    Failure   Level
 Beastly Appendage        Tmut           8%         N/A       11%         1
 Summon Small Mammal      Summ           16%        N/A       11%         1
 Wereblood                Tmut           4%         N/A       16%         2
 Call Canine Familiar     Summ           4%         N/A       32%         3
 Spider Form              Tmut/Pois      4%         N/A       32%         3
 Summon Guardian Golem    Hex/Summ       4%         N/A       32%         3
 Tukima's Dance           Hex            4%         N/A       32%         3
 Fulminant Prism          Conj/Hex       7%         3d7       36%         4
 Iskenderun's Mystic Bla  Conj/Tloc      15%        2d5       36%         4
 Blade Hands              Tmut           2%         N/A       96%         5
 Portal Projectile        Hex/Tloc       Unusable   N/A       N/A         3

Dungeon Overview and Level Annotations

Branches:
Dungeon (4/15)
 Temple: D:4-7

Altars:
Dithmenos

Shops:
D:4 (


Innate Abilities, Weirdness & Mutations

You have sharp claws.
You have razor-sharp teeth.
You have supernaturally acute eyesight. (SInv)
You cover ground quickly. (Speed+)
You are covered in fur. (AC +1)
Your paws help you pounce on unaware monsters.
You are incapable of wielding weapons or throwing items.
You cannot wear armour.
You gain extra lives every three experience levels.


Message History

You feel a strong urge to attack something.
You scratch the gnoll.
The gnoll is moderately wounded.
The gnoll completely misses you.
You scratch the gnoll.
The gnoll is severely wounded.
You scratch the gnoll but do no damage.
The gnoll is severely wounded.
You scratch the gnoll bouda. You bite the gnoll bouda.
The gnoll bouda is severely wounded.
The gnoll hits you from afar with a +0 halberd of protection.
You scratch the gnoll bouda.
You kill the gnoll bouda!
You hear the drain falling apart.
Your attacks no longer feel as feeble.
The gnoll completely misses you. x3
Things that are here:
a +0 club; a +0 robe You scratch the gnoll but do no damage.
You bite the gnoll.
You kill the gnoll!
The gnoll closely misses you. x2
Your Stealth skill increases to level 4!
You scratch the gnoll.
The gnoll is heavily wounded.
You closely miss the gnoll.
The gnoll is heavily wounded.
The gnoll completely misses you. The gnoll closely misses you. x2
You barely miss the gnoll. You bite the gnoll!
You kill the gnoll!
You scratch the gnoll.
The gnoll is moderately wounded.
The gnoll completely misses you. x2
You barely miss the gnoll. Your bite misses the gnoll.
The gnoll is moderately wounded.
You are no longer berserk.
You are exhausted.
You feel yourself slow down. The gnoll hits you with a +0 whip.
* * * LOW HITPOINT WARNING * * *
The gnoll hits you from afar with a +0 spear.
You die...

∙∙▒∙▒ ▒▒▒▒▒ ∙∙▒ ∙∙▒
▒ ▒∙▒∙▒ ♣♣♣♣♣♣♣
▒∙▒∙▒ ∙∙∙♣♣∙♣♣
▒∙▒∙▒
♣♣∙∙∙♣∙♣♣♣♣♣♣♣
▒∙∙∙▒
♣♣♣♣♣♣∙∙∙∙∙∙♣♣▒)gg▒
♣♣♣♣♣♣♣∙♣▒h▒ ♣
♣♣∙∙∙▒ ♣ ♣♣▒∙▒ ♣
▒∙▒ ▒∙▒ ▒▒▒


You could see 2 gnolls.

Vanquished Creatures
  An orc priest (D:3)
  2 gnoll boudas (D:4)
  A hound (D:4)
  Jessica (D:2)
  An orc wizard (D:4)
  6 gnolls (D:4)
  4 adders
  2 dart slugs
  7 orcs
  4 endoplasms
  4 giant cockroaches
  4 goblins
  7 hobgoblins
  4 jackals (D:3)
  3 quokkas
  4 ball pythons
  6 bats
  3 frilled lizards
  4 kobolds
  A rat (D:2)
69 creatures vanquished.

Notes
Turn   | Place    | Note
-------+----------+-------------------------------------------
     0 | D:1      | Zeor the Felid Conjurer began the quest for the Orb.
     0 | D:1      | Reached XP level 1. HP: 7/7 MP: 4/4
   466 | D:1      | Reached skill level 4 in Conjurations
   466 | D:1      | Reached XP level 2. HP: 8/11 MP: 0/6
   481 | D:1      | Learned a level 2 spell: Searing Ray
  1254 | D:2      | Noticed Jessica
  1257 | D:2      | Killed Jessica
  1258 | D:2      | Reached XP level 3. HP: 14/14 MP: 2/7
  1438 | D:2      | Learned a level 3 spell: Dazzling Flash
  1462 | D:2      | Identified the +6 plate armour "Zelac" {rPois Will+ Str-4
                  | Int+2}
  1771 | D:3      | Found a faded altar of an unknown god.
  2131 | D:3      | Reached XP level 4. HP: 18/18 MP: 7/9
  2784 | D:4      | Reached XP level 5. HP: 21/21 MP: 4/10
  2885 | D:4      | Killed from afar by an orc wizard
  2886 | D:4      | Reached XP level 4. HP: 0/18 MP: 2/9
  2898 | D:4      | Found a shadowy altar of Dithmenos.
  3031 | D:4      | Found Wyughim's Antique Weapon Emporium.
  3134 | D:4      | Reached XP level 5. HP: 21/21 MP: 2/11
  3462 | D:4      | Reached skill level 5 in Conjurations
  3643 | D:4      | Slain by a gnoll

Illustrated notes

Levels and vault maps discovered:
D:1:      mainiacjoe_arrival_reflecting_pool, layout_basic, skrybe_limestone_x
D:2:      layout_rooms, uniq_jessica
D:3:      layout_basic, ebering_ecumenical_altar_sacrificial
D:4:      kb_forest_paths, layout_loops_ring, grunt_dithmenos_smoke,
          serial_shops, nicolae_inconvenience_store, portal_sewer_entry_b,
          serial_glass, glass_columns_a, glass_columns_a,
          corexii_item_surrounded_by_moat, chequers_serial_rivers_micro_d

Skill      XL: |  1  2  3  4  5 |
---------------+----------------+-----
Conjurations   | 4 5 |  5.0
Dodging        | 3 |  3.2
Stealth        | 3 4 |  4.0
Spellcasting   | 3 4 |  4.4
Fighting       | |  0.2
Unarmed Combat | |  0.2

Action                     |  1- 3 |  4- 6 || total
---------------------------+-------+-------++-------
  Melee: Unarmed           |    11 |    22 ||    33
         Bite              |       |     5 ||     5
   Cast: Magic Dart        |    59 |    41 ||   100
         Searing Ray       |     5 |    18 ||    23
         Dazzling Flash    |       |     1 ||     1
    Use: Scroll            |     7 |     3 ||    10
         Potion            |       |     1 ||     1
   Stab: Sleeping          |       |     1 ||     1
 Armour: Skin              |     3 |       ||     3
  Dodge: Dodged            |    11 |    56 ||    67
